 Dungeon Crawl Stone Soup version 0.27.0-1-g7a089689b8 (webtiles) character file.

Game seed: 7632719061900625962

52 SnakkuSnakku7 the Sneak (level 3, -1/22 HPs)
             Began as a Gargoyle Enchanter on Aug 15, 2021.
             Frozen to death by an endoplasm (3 damage)
             ... on level 2 of the Dungeon.
             The game lasted 00:01:58 (1345 turns).

SnakkuSnakku7 the Sneak (Gargoyle Enchanter)        Turns: 1345, Time: 00:01:59

Health: -1/22      AC: 18    Str: 12    XL:     3   Next: 85%
Magic:  6/6        EV:  5    Int: 15    God:
Gold:   86         SH:  0    Dex: 10    Spells: 5/6 levels left

rFire    . . .     SeeInvis .   a - +1 mace (protect)
rCold    . . .     Faith    .   (no shield)
rNeg     + . .     Spirit   .   d - +0 chain mail
rPois    ∞         Reflect  .   (no helmet)
rElec    +         Harm     .   (no cloak)
rCorr    .         Rampage  .   (no gloves)
Will     .....                  (no boots)
Stlth    ..........             (no amulet)
HPRegen  0.07/turn              (no ring)
MPRegen  0.10/turn              (no ring)

@: under a protective aura
A: sickness immunity, AC +3, negative energy resistance 1, electricity
resistance, torment resistance 1, petrification resistance
a: no special abilities


You were on level 2 of the Dungeon.
You visited 1 branch of the dungeon, and saw 3 of its levels.

You collected 86 gold pieces.

Inventory:

Hand Weapons
 a - a +1 mace of protection (weapon)
 c - a +1 dagger
 f - a +0 dagger
Armour
 b - a +0 robe
 d - a +0 chain mail (worn)
Scrolls
 g - a scroll of identify {unknown}
 h - a scroll of blinking {unknown}
 i - a scroll of acquirement {unknown}
 j - a scroll of magic mapping {unknown}
Potions
 e - 2 potions of lignification {unknown}


   Skills:
 + Level 2.5 Fighting
 - Level 0.8 Short Blades
 + Level 2.1 Maces & Flails
 - Level 1.5 Dodging
 - Level 3.2 Stealth
 - Level 2.0 Spellcasting
 - Level 2.6 Hexes


You had 5 spell levels left.
You knew the following spells:

 Your Spells              Type           Power      Damage    Failure   Level
a - Corona                Hex            10%        N/A       98%         1

Your spell library contained the following spells:

 Spells                   Type           Power      Damage    Failure   Level
 Animate Skeleton         Necr           2%         N/A       100%        1
 Pain                     Necr           4%         1d4       100%        1
 Ensorcelled Hibernation  Hex/Ice        10%        N/A       100%        2
 Confusing Touch          Hex            9%         N/A       100%        3
 Dazzling Flash           Conj/Hex       10%        N/A       100%        3
 Tukima's Dance           Hex            9%         N/A       100%        3
 Vampiric Draining        Necr           0%         2d6       100%        3


Dungeon Overview and Level Annotations

Branches:
Dungeon (3/15)

Altars:

Shops:
D:1 !*([(


Innate Abilities, Weirdness & Mutations

You are immune to sickness and miasma.
Your stone body is resilient. (AC +3)
You are immune to poison.
You resist negative energy. (rN+)
You are resistant to electric shocks. (rElec)
You are resistant to unholy torment.
You are immune to petrification.


Message History

The gnoll is moderately wounded.
The gnoll hits you with a +0 club.
You hit the gnoll but do no damage.
Your weapon exudes an aura of protection.
The gnoll is moderately wounded.
The gnoll barely misses you.
You hit the gnoll.
The gnoll is severely wounded.
The gnoll barely misses you.
You completely miss the gnoll.
The gnoll is severely wounded.
The gnoll hits you with a +0 club. x2
You barely miss the gnoll.
The gnoll is severely wounded.
The gnoll hits you with a +0 club.
* * * LOW HITPOINT WARNING * * *
You are too injured to fight recklessly!
You are too injured to fight recklessly!
You are too injured to fight recklessly!
You sock the gnoll!
You kill the gnoll!
You hit the endoplasm.
The endoplasm is moderately wounded.
The endoplasm hits you.
* * * LOW HITPOINT WARNING * * *
The endoplasm freezes you.
You are frozen.
* * * LOW HITPOINT WARNING * * *
You hit the endoplasm.
The endoplasm is heavily wounded.
The endoplasm freezes you.
You are frozen.
* * * LOW HITPOINT WARNING * * *
Unknown command.
You hit the endoplasm.
Your weapon exudes an aura of protection.
The endoplasm is almost dead.
The endoplasm freezes you.
You are frozen.
You die...

. #. ## ##..##.# #####
..g#.#.####...#
...##.......###
#.#..#.......#
#.<..........#
#....#.......#####
....###@#...†.....# #
####l###J#...#####.###.##
##)#.l.##..####...(....
#..$.<.##.............#
#.#........####..####..#
#........# #..# #
#........####)>#
#..........÷†...#
##.....#.####.#.#


You could see an endoplasm and a frilled lizard.

Vanquished Creatures
  2 gnolls (D:2)
  4 ball pythons (D:1)
  3 bats
  3 endoplasms
  2 giant cockroaches
  A goblin (D:1)
  A hobgoblin (D:2)
  7 jackals (D:1)
  A kobold (D:1)
  A frilled lizard (D:1)
  4 rats
29 creatures vanquished.

Notes
Turn   | Place    | Note
-------+----------+-------------------------------------------
     0 | D:1      | SnakkuSnakku7 the Gargoyle Enchanter began the quest for
                  | the Orb.
     0 | D:1      | Reached XP level 1. HP: 10/10 MP: 3/3
    81 | D:1      | Reached skill level 1 in Fighting
    83 | D:1      | Reached skill level 1 in Maces & Flails
    83 | D:1      | Reached XP level 2. HP: 11/16 MP: 5/5
   100 | D:1      | Found Mamuyph's Weapon Shop.
   370 | D:1      | Found Wusate Zedi's Antique Armour Emporium.
   526 | D:1      | Found Naycifap's Antique Weapon Emporium.
   606 | D:1      | Found Busate Edea's General Store.
   619 | D:1      | Found Myaherin's Distillery.
   625 | D:1      | Reached XP level 3. HP: 21/21 MP: 6/6
  1340 | D:2      | HP: 1/22 [frozen (1)]
  1345 | D:2      | Frozen to death by an endoplasm

Illustrated notes

Levels and vault maps discovered:
D:1:      minmay_arrival_doors, layout_rooms, serial_shops, nicolae_square_shop,
          nicolae_shop_window_shopping, shop, nicolae_shop_window_shopping,
          shop_statue
D:2:      minmay_inner_zag, layout_loops_ring,
          hellmonk_ecumenical_altar_leap_of_faith, minmay_split_cup_small,
          uniq_sigmund
D:3:      layout_loops_corners, mainiacjoe_overflow_cross_hatched, serial_shops,
          nicolae_shop_crystal, uniq_grinder

Skill      XL: |  1  2  3 |
---------------+----------+-----
Fighting       | 1 2 |  2.5
Maces & Flails | 1 2 |  2.1
Short Blades   | |  0.8
Dodging        | |  1.5
Stealth        | |  3.2
Spellcasting   | |  2.0
Hexes          | |  2.6

Action                   || total
-------------------------++-------
Melee: Mace              ||   110
       Dagger            ||     5
Armor: Robe              ||    33
       Chain mail        ||    48
Dodge: Dodged            ||    72
